 Dungeon Crawl Stone Soup version 0.27.0-1-g7a089689b8 (webtiles) character file.

Game seed: 12428435795607946879

416 Strat the Chopper (level 6, 0/56 HPs)
             Began as a Deep Dwarf Gladiator on Aug 7, 2021.
             Was an Initiate of Makhleb.
             Slain by a wyvern skeleton (2 damage)
             ... on level 5 of the Dungeon.
             The game lasted 00:06:13 (2338 turns).

Strat the Chopper (Deep Dwarf Gladiator)            Turns: 2338, Time: 00:06:13

Health: 0/56       AC:  4    Str: 19    XL:     6   Next: 60%
Magic:  4/4        EV: 12    Int:  9    God:    Makhleb [......]
Gold:   124        SH:  0    Dex: 14    Spells: 5/5 levels left

rFire    . . .     SeeInvis .   a - +0 war axe
rCold    . . .     Faith    .   (no shield)
rNeg     . . .     Spirit   .   b - +0 leather armour
rPois    .         Reflect  .   c - +0 helmet
rElec    .         Harm     .   (no cloak)
rCorr    .         Rampage  .   (no gloves)
Will     .....                  (no boots)
Stlth    +.........             (no amulet)
HPRegen  0.00/turn              (no ring)
MPRegen  0.09/turn              (no ring)

@: no status effects
A: damage resistance, heal wounds, sense surroundings 1, no regeneration
a: Heal Wounds, Renounce Religion


You were on level 5 of the Dungeon.
You worshipped Makhleb.
Makhleb was noncommittal.
You visited 1 branch of the dungeon, and saw 5 of its levels.

You collected 124 gold pieces.

Inventory:

Hand Weapons
 a - a +0 war axe (weapon)
Missiles
 d - 3 throwing nets (quivered)
 f - 88 stones
 m - 38 sling bullets
Armour
 b - a +0 leather armour (worn)
 c - a +0 helmet (worn)
Wands
 k - a wand of iceblast (7)
 p - a wand of flame (20)
Scrolls
 g - 4 scrolls of immolation
 o - 2 scrolls of identify
Potions
 e - a potion of might {unknown}
 h - a potion of curing {unknown}
 i - 2 potions of flight {unknown}
 j - 3 potions of heal wounds
 l - 2 potions of haste
 n - a potion of degeneration {unknown}


   Skills:
 + Level 3.4 Fighting
 * Level 6.3 Axes
 - Level 1.7 Throwing
 + Level 3.5 Armour
 - Level 3.2 Dodging


You had 5 spell levels left.
You didn't know any spells.
Your spell library contained the following spells:

 Spells                   Type           Power      Damage    Failure   Level
 Corpse Rot               Necr/Air       N/A        N/A       56%         2
 Poisonous Vapours        Pois/Air       0%         N/A       56%         2
 Freezing Cloud           Conj/Ice/Air   0%         6-21      100%        5


Dungeon Overview and Level Annotations

Branches:
Dungeon (5/15)
 Temple: D:4-7

Altars:
Dithmenos
Makhleb
Xom
Yredelemnul
Zin
The Shining One

Shops:
D:4 =

Annotations:
D:2 Sigmund


Innate Abilities, Weirdness & Mutations

You are resistant to damage.
You can heal yourself by infusing magical energy.
You passively map a small area around you.
You do not regenerate.


Message History

You kill the scorpion!
Makhleb accepts your kill.
You see here a scorpion corpse.
Found a falchion.
Found an escape hatch in the floor.
m - 38 sling bullets (gained 22)
A wyvern skeleton comes into view.
There is an escape hatch in the floor here.
The wyvern skeleton bites you!
* * * LOW HITPOINT WARNING * * *
You completely miss the wyvern skeleton.
The wyvern skeleton bites you. The wyvern skeleton bites you!
* * * LOW HITPOINT WARNING * * *
You hit the wyvern skeleton.
The wyvern skeleton is lightly damaged.
The wyvern skeleton misses you.
You hit the wyvern skeleton.
The wyvern skeleton is lightly damaged.
The wyvern skeleton barely misses you. The wyvern skeleton bites you.
* * * LOW HITPOINT WARNING * * *
You slash the wyvern skeleton!
The wyvern skeleton is heavily damaged.
The wyvern skeleton bites you.
You slash the wyvern skeleton!
The wyvern skeleton is severely damaged.
The wyvern skeleton barely misses you. The wyvern skeleton bites you.
* * * LOW HITPOINT WARNING * * *
You barely miss the wyvern skeleton.
The wyvern skeleton is severely damaged.
The wyvern skeleton misses you. The wyvern skeleton bites you!
* * * LOW HITPOINT WARNING * * *
You hit the wyvern skeleton.
The wyvern skeleton is almost destroyed.
The wyvern skeleton bites you!
* * * LOW HITPOINT WARNING * * *
You fail to use your ability.
The wyvern skeleton closely misses you.
You fail to use your ability.
The wyvern skeleton bites you!
* * * LOW HITPOINT WARNING * * *
The wyvern skeleton bites you.
You die...

,,,,,,,,,,,***,,,,*
*,#..
****,,*,***,*,*#.#*
*.... *,,,****,,,**#.#
*#≈≈≈≈ *≈≈≈≈≈≈*****
#.# ***....≈ *,,,###*
#.# *,...... ****#.#
#.# *****,#...≈. #.#
#.# *,,,,,*#.... **
#.# #Z# *,**,,,.....
,* #.########@#
*,**#.#*#... ,*
#.##.....>.# *,* #.#
#.#. **
#.##.########***,* #.#
#... *
#............,,,,* #.#
#... **
####.########***####.#
#.## ,** #.# #.≈..#
#.## ,,* #.# #.≈..#
#... ,,* #.#
#.≈..###.##
,,*#######.#######
##≈#.......


You could see a wyvern skeleton.

Vanquished Creatures
  A sky beast (D:3)
  A scorpion (D:5)
  A gnoll shaman (D:3)
  A hound (D:5)
  An orc priest (D:3)
  An orc wizard (D:3)
  A gnoll (D:4)
  5 adders
  4 worms
  A dart slug (D:4)
  7 orcs (D:3)
  5 bats
  11 endoplasms
  3 giant cockroaches
  7 goblins
  5 hobgoblins
  2 jackals (D:2)
  A quokka (D:3)
  11 ball pythons
  2 frilled lizards
  4 kobolds
  7 rats
82 creatures vanquished.

Vanquished Creatures (others)
  An endoplasm (D:3)
  11 plants (D:2)
12 creatures vanquished.

Grand Total: 94 creatures vanquished

Notes
Turn   | Place    | Note
-------+----------+-------------------------------------------
     0 | D:1      | Strat the Deep Dwarf Gladiator began the quest for the Orb.
     0 | D:1      | Reached XP level 1. HP: 19/19 MP: 1/1
   103 | D:1      | Reached XP level 2. HP: 16/26 MP: 2/2
   218 | D:1      | Reached skill level 1 in Armour
   335 | D:1      | Reached skill level 4 in Axes
   360 | D:2      | Noticed Sigmund
   431 | D:2      | Reached XP level 3. HP: 12/32 MP: 3/3
   437 | D:2      | HP: 1/32 [worm (8)]
   907 | D:2      | Found a faded altar of an unknown god.
  1089 | D:3      | Reached XP level 4. HP: 11/40 MP: 4/4
  1342 | D:3      | Found a glowing golden altar of the Shining One.
  1347 | D:3      | Found a basalt altar of Yredelemnul.
  1453 | D:3      | Noticed a sky beast
  1468 | D:3      | Killed a sky beast
  1469 | D:3      | Reached skill level 5 in Axes
  1469 | D:3      | Reached XP level 5. HP: 6/49 MP: 4/4
  1535 | D:3      | Found a shadowy altar of Dithmenos.
  1598 | D:4      | Found a glowing silver altar of Zin.
  1690 | D:4      | Found Ipaxuidu's Jewellery Shoppe.
  1798 | D:4      | Reached XP level 6. HP: 17/56 MP: 4/4
  1888 | D:4      | Found a shimmering altar of Xom.
  1888 | D:4      | Found a shimmering altar of Xom.
  1888 | D:4      | Found a shimmering altar of Xom.
  1888 | D:4      | Found a shimmering altar of Xom.
  1889 | D:4      | Found a shimmering altar of Xom.
  1889 | D:4      | Found a shimmering altar of Xom.
  1891 | D:4      | Found a shimmering altar of Xom.
  1891 | D:4      | Found a shimmering altar of Xom.
  1891 | D:4      | Found a shimmering altar of Xom.
  1891 | D:4      | Found a shimmering altar of Xom.
  2150 | D:5      | Entered Level 5 of the Dungeon
  2187 | D:5      | Found a burning altar of Makhleb.
  2198 | D:5      | Reached skill level 6 in Axes
  2210 | D:5      | Became a worshipper of Makhleb the Destroyer
  2338 | D:5      | HP: 2/56 [wyvern skeleton (7)]
  2338 | D:5      | Slain by a wyvern skeleton

Illustrated notes

Levels and vault maps discovered:
D:1:      zelgadis_glass_arrival_small, layout_rooms
D:2:      layout_loops_ring, hellmonk_ecumenical_altar_crossroads, serial_bayou,
          serial_bayou_ford_a, serial_bayou_lagoon_b, serial_bayou_shore_b,
          serial_bayou_lake_a, serial_bayou_shore_b, serial_bayou_pond_c,
          uniq_sigmund
D:3:      layout_basic, grunt_temple_overflow_holy_war,
          lemuel_coloured_pillars_altar
D:4:      layout_basic, xom_redecorated, mainiacjoe_overflow_paths,
          serial_shops, shop, uniq_crazy_yiuf_cottage
D:5:      layout_loops_ring, makhleb_heckhound_becter, serial_rivers,
          chequers_serial_rivers_micro_b, chequers_serial_rivers_marsh,
          chequers_serial_rivers_large_b, chequers_serial_rivers_micro_e,
          chequers_serial_rivers_micro_b, nrook_mini_backslash

Skill      XL: |  1  2  3  4  5  6 |
---------------+-------------------+-----
Fighting       | 2 3 |  3.4
Armour         | 1 2 3 |  3.5
Axes           | 4 5 6 |  6.3
Throwing       | |  1.7
Dodging        | |  3.2

Action                   |  1- 3 |  4- 6 || total
-------------------------+-------+-------++-------
Melee: War axe           |   124 |   112 ||   236
 Abil: Heal Wounds       |     1 |    10 ||    11
  Use: Scroll            |       |     8 ||     8
Armor: Leather armour    |    62 |    33 ||    95
Dodge: Dodged            |    92 |   103 ||   195
